[Event "*** Titled Tuesday Blitz"]
[Site "Chess.com"]
[Date "2019.01.01"]
[Round "4"]
[White "Parhamov"]
[Black "mitrabhaa"]
[Result "0-1"]
[WhiteElo "2885"]
[BlackElo "2585"]
[TimeControl "180+2"]
[EndTime "13:55:53 PST"]
[Termination "mitrabhaa won by resignation"]

1. e4 c6 2. Nf3 d5 3. Nc3 Bg4 4. h3 Bxf3 5. Qxf3 e6 6. d4 Nd7 7. Be2 dxe4 8. Nxe4 Ngf6 9. Nxf6+ Nxf6 10. c3 Qd5 11. O-O Qxf3 12. Bxf3 Bd6 13. a4 O-O 14. a5 a6 15. b4 h6 16. Re1 Nd5 17. Bd2 Rfd8 18. g3 Rac8 19. h4 Kh7 20. h5 Be7 21. Kf1 Bg5 22. Ke2 Bxd2 23. Kxd2 Kg8 24.
Kc2 Nc7 25. Kb3 Nb5 26. Rad1 Rd6 27. Re5 Rcd8 28. Ree1 Kf8 29. Be2 R8d7 30. f4 Nc7 31.
Bd3 Nb5 32. Bc2 Rd8 33. g4 Nc7 34. Rd2 Nd5 35. Rf2 Nf6 36. Bd1 Nd5 37. g5 Ke7 38. Bg4 Rh8 39. c4 Nc7 40. Kc3 Rhd8 41. Re4 Kf8 42.
Rfe2 R8d7 43. R2e3 Rd8 44. Bh3 Rc8 45. gxh6 gxh6 46.
f5 Nd5+ 47. Kd3 Nxe3 48. fxe6 fxe6 49. Kxe3 Ke7 50. c5 Rdd8 51. Rxe6+ Kf7 52. Rxh6 Re8+ 53.
Kd3 Rb8 54. Rh7+ Kf6 55. Rd7 Re1 56. Bg4 Kg5 57. Rg7+ Kf4 58. h6 Rbe8 59. h7 Rh1 60.
Kd2 Rh2+ 61. Kd1 Re3 62. Bc8 Ra3 63. Rf7+ Ke3 64. Re7+ Kxd4 65. h8=Q+ Rxh8 66. Kc2 Rh2+ 67. Kb1 Rb3+ 0-1

[Event "*** Titled Tuesday Blitz"]
[Site "Chess.com"]
[Date "2019.01.01"]
[Round "4"]
[White "Viaje"]
[Black "Justinz"]
[Result "1-0"]
[WhiteElo "2366"]
[BlackElo "2354"]
[TimeControl "180+2"]
[EndTime "13:55:53 PST"]
[Termination "Viaje won by resignation"]

1. d4 Nf6 2. c4 e6 3. g3 c5 4. d5 exd5 5. cxd5 d6 6. Nc3 g6 7. Bg2 Bg7 8. Nf3 O-O 9. O-O Re8 10. Re1 Bf5 11. Nh4 Bd7 12. e4 b5 13. Bf4 b4 14. Nb1 Bb5 15. Nd2 Qc7 16. a3 bxa3 17. Rxa3 Nbd7 18. Nhf3 Rab8 19. Qc1 Ng4 20. b4 c4 21. h3 Nge5 22. Nd4 a6 23. Bf1 Rbc8 24. Nxb5 axb5 25. Ra5 Qb7 26. Qa3 Ra8 27.
Ra1 Nb6 28. Ra7 Qb8 29. Rxa8 Qxa8 30. Qxa8 Rxa8 31. Rxa8+ Nxa8 32. Be3 Nc7 33. Bb6 Na6 34. Ba5 Nd7 35. Nb1 Kf8 36. Na3 Bc3 37. Nxb5 Bxb4 38. Bxb4 Nxb4 39. Bxc4 Ke7 40. Kg2 Ne5 41. Be2 Kd7 42. f4 Ned3 43. Bxd3 Nxd3 44. Kf3 h5 45. Ke3 Nc5 46. Nd4 Na6 47. Nf3 Nc7 48. Ng5 f6 49. Nf3 Ke7 50. Kd4 Nb5+ 51. Kc4 Na3+ 52. Kd3 Nb5 53. Nd4 Nc7 54. Kc4 Kd7 55. Nf3 Ke7 56. Nh4 Kf7 57. Nf3 Ke7 58. Nd4 Kd7 59. Nb5 Na6 60. Nc3 Nc7 61. Kd4 Ke7 62. e5 dxe5+ 63. fxe5 fxe5+ 64. Kxe5 Ne8 65. Ne4 Kd7 66. Nf6+ Nxf6 67.
Kxf6 1-0

[Event "*** Titled Tuesday Blitz"]
[Site "Chess.com"]
[Date "2019.01.01"]
[Round "4"]
[White "Fivetrick"]
[Black "Orest_Vovk"]
[Result "0-1"]
[WhiteElo "2638"]
[BlackElo "2378"]
[TimeControl "180+2"]
[EndTime "13:55:56 PST"]
[Termination "Orest_Vovk won by resignation"]

1. e4 g5 2. d4 Bg7 3. Bxg5 c5 4. Be3 Qb6 5. Nd2 cxd4 6. Nc4 dxe3 7. Nxb6 exf2+ 8. Kxf2 axb6 9. c3 Nc6 10. Bd3 Nf6 11. h3 d6 12. Nf3 Nh5 13. Rf1 Nf4 14. Kg1 Nxd3 15. Qxd3 Ra5 16. a3 Ne5 17. Nxe5 Rxe5 18. Rae1 Be6 19. Qe3 Rc5 20. Rf3 Be5 21. Qd2 Rg8 22.
b4 Rc4 23. Qc2 b5 24. a4 Kd7 25. axb5 Ra8 26. Rb1 Ra3 27. Rb3 Rxb3 28. Qxb3 Rxe4 29. Qd1 Bc4 30. Qd2 Bxb5 31. Rxf7 Re2 32. Qc1 Bc4 33. Rf2 Re4 34. Qc2 d5 35. Qc1 Bg3 36. Rf1 Bxf1 37. Kxf1 Re1+ 38. Qxe1 Bxe1 39. Kxe1 b5 40. Kd2 e5 41.
Kd3 Ke6 42. g4 h5 43. gxh5 Kf5 44. Ke3 Kg5 45. Kf3 Kxh5 46. Ke3 Kh4 47. Kf3 Kxh3 0-1

[Event "*** Titled Tuesday Blitz"]
[Site "Chess.com"]
[Date "2019.01.01"]
[Round "4"]
[White "IakovUlivar"]
[Black "Pakarma"]
[Result "1-0"]
[WhiteElo "2495"]
[BlackElo "2453"]
[TimeControl "180+2"]
[EndTime "13:55:56 PST"]
[Termination "IakovUlivar won by checkmate"]

1. e4 c5 2. Nc3 Nc6 3. g3 g6 4.
Bg2 Bg7 5. d3 d6 6. Nge2 Nf6 7.
O-O O-O 8. a3 Ne8 9. Rb1 a5 10. a4 Nc7 11. Bg5 Ne6 12. Be3 Ned4 13. h3 Rb8 14. Kh2 Nxe2 15. Nxe2 b5 16. axb5 Rxb5 17. Nc3 Rb8 18. Qd2 Nd4 19. b3 Be6 20. f4 f5 21. Rbe1 Bf7 22. Na4 Qc7 23. Bg1 e5 24.
Nc3 Rbe8 25. exf5 gxf5 26. Nd5 Qd8 27. Rb1 Kh8 28. c3 Nc6 29. fxe5 dxe5 30. c4 Nd4 31.
Bxd4 exd4 32. Rxf5 Bxd5 33. Rxf8+ Rxf8 34. cxd5 Qd6 35. Rf1 Rxf1 36. Bxf1 Qxd5 37. Qxa5 Qd6 38. Qa8+ Bf8 39.
Qe4 h6 40. Qf5 Kg7 41. Bg2 Be7 42. Be4 Qf6 43. Qh7+ Kf8 44. Kg2 Qg7 45. Qf5+ Qf6 46. Qc8+ Kf7 47. Bd5+ Kg6 48. Qg8+ Kf5 49. Be4+ Ke5 50.
Qd5# 1-0

[Event "*** Titled Tuesday Blitz"]
[Site "Chess.com"]
[Date "2019.01.01"]
[Round "4"]
[White "GrigorGrigorov"]
[Black "aa175"]
[Result "1-0"]
[WhiteElo "2785"]
[BlackElo "1927"]
[TimeControl "180+2"]
[EndTime "13:56:05 PST"]
[Termination "GrigorGrigorov won by checkmate"]

1. d4 Nf6 2. c4 g6 3. Nf3 Bg7 4. g3 O-O 5. Bg2 d5 6. O-O dxc4 7. Na3 c5 8. dxc5 Qxd1 9. Rxd1 Na6 10. Nxc4 Nxc5 11.
Be3 Nce4 12. Rac1 Ng4 13. Bd4 Bxd4 14. Rxd4 Ngxf2 15. Rf1 Bh3 16. Rxf2 Nxf2 17. Kxf2 Bxg2 18. Kxg2 Rfd8 19. Re4 e6 20. Nce5 f6 21. Nd3 e5 22.
g4 g5 23. Kf2 Rac8 24. Ke3 Kf7 25. Rb4 b6 26. Nd2 Rd6 27. Ne4 Rdc6 28. Ra4 R6c7 29. Ra6 Rd8 30. a4 Rdd7 31. a5 bxa5 32. Rxf6+ Kg7 33.
Rf5 h6 34. Rxe5 Re7 35. Rxa5 Rc4 36. Re5 Rxe5 37. Nxe5 Rb4 38. Nd3 Ra4 39. h3 Ra1 40.
Ng3 a5 41. Nf5+ Kh7 42. Kf3 a4 43. e4 Rf1+ 44. Ke3 Rh1 45. e5 Rxh3+ 46. Kd4 Kg8 47. e6 Kf8 48. Nc5 Rh1 49. Nd7+ Ke8 50. Nf6+ Kf8 51.
e7+ Kf7 52. e8=Q+ Kxf6 53. Qe7+ Kg6 54. Qg7# 1-0

[Event "*** Titled Tuesday Blitz"]
[Site "Chess.com"]
[Date "2019.01.01"]
[Round "4"]
[White "Tjktiger"]
[Black "PulpanJ"]
[Result "0-1"]
[WhiteElo "2714"]
[BlackElo "2620"]
[TimeControl "180+2"]
[EndTime "13:56:06 PST"]
[Termination "PulpanJ won by resignation"]

1. c4 e6 2. Nc3 d5 3. d4 Nf6 4.
cxd5 Nxd5 5. e4 Nxc3 6. bxc3 c5 7. Rb1 Be7 8. Nf3 O-O 9. Bc4 Nc6 10. O-O Na5 11. Bd3 b6 12. d5 exd5 13. exd5 c4 14. Bc2 Bb7 15. Re1 Re8 16. Ba4 Rf8 17. Bc2 Re8 18. Ba4 Rf8 19. Bf4 Bf6 20. d6 Bxc3 21.
Re7 Bc6 22. Bxc6 Nxc6 23. Rc7 Rc8 24. Rxc8 Qxc8 25. d7 Qb7 26. Qd5 Bf6 27. Bg5 Bxg5 28. Nxg5 h6 29. Nxf7 Rxf7 30. d8=Q+ Nxd8 31. Qxd8+ Kh7 32. Qd4 Qc6 33. Rc1 b5 34. h4 Qf6 35. Qe4+ Qf5 36.
Qe3 Qf4 37. Qxf4 Rxf4 38. g3 Rf7 39. Kf1 Re7 40. a4 a6 41. h5 Rc7 42. Ke2 b4 43.
a5 Rc5 44. Kd2 c3+ 45. Kc2 Rxa5 46. Kb3 Rb5 47. Ka4 b3 0-1

[Event "*** Titled Tuesday Blitz"]
[Site "Chess.com"]
[Date "2019.01.01"]
[Round "4"]
[White "WinnerOleg"]
[Black "Chessmatus"]
[Result "1/2-1/2"]
[WhiteElo "2386"]
[BlackElo "2185"]
[TimeControl "180+2"]
[EndTime "13:56:07 PST"]
[Termination "Game drawn - insufficient material"]

1. d4 Nf6 2. c4 e6 3. Nc3 d5 4.
cxd5 Nxd5 5. e4 Nxc3 6. bxc3 c5 7.
Rb1 Be7 8. Nf3 O-O 9. Bd3 Nc6 10.
e5 cxd4 11. cxd4 Qa5+ 12. Bd2 Qxa2 13. O-O a5 14. Ra1 Qd5 15. Qb1 Nxd4 16. Bxh7+ Kh8 17. Nxd4 Qxd4 18. Rd1 Qxe5 19. Be4 Bd6 20. g3 Qc5 21. Be3 Qc7 22. Qb5 f5 23. Bg2 Bb4 24. Bb6 Qe7 25. Bxa5 Bxa5 26. Rxa5 Rxa5 27. Qxa5 g6 28. Qb6 Rf7 29.
h4 Qc7 30. Qb2+ Kh7 31. Rc1 Qd7 32. Qc3 Rf8 33. Qc5 Rd8 34. Kh2 b5 35. Rb1 Ba6 36.
Bc6 Qd6 37. Qxd6 Rxd6 38. Bxb5 Rb6 39. Bd3 Rxb1 40. Bxb1 Be2 41. f4 Kg7 42. Bc2 Kf6 43. Bb3 e5 44. fxe5+ Kxe5 45. Bf7 Bh5 46. Kh3 Ke4 47. Be8 Kf3 48. Bf7 Kf2 49. Be8 Kg1 50. g4 Bxg4+ 51. Kg3 Bh5 52. Kf4 Kg2 53. Bd7 Kh3 54.
Bxf5+ gxf5 55. Kxf5 Kxh4 1/2-1/2

[Event "*** Titled Tuesday Blitz"]
[Site "Chess.com"]
[Date "2019.01.01"]
[Round "4"]
[White "gmcorrales"]
[Black "TrimitziosP7"]
[Result "0-1"]
[WhiteElo "2750"]
[BlackElo "2617"]
[TimeControl "180+2"]
[EndTime "13:56:08 PST"]
[Termination "TrimitziosP7 won by checkmate"]

1. e4 c5 2. Nf3 Nc6 3. Bb5 g6 4.
Bxc6 dxc6 5. d3 Bg7 6. h3 Nf6 7. O-O O-O 8. Nc3 Nd7 9. Be3 e5 10. Qd2 Re8 11. Nh2 b6 12. b3 Nf8 13. Rae1 Ne6 14.
Ne2 Nd4 15. Nxd4 cxd4 16. Bh6 f6 17. Bxg7 Kxg7 18. f4 Qe7 19. Re2 Bd7 20. Ref2 Rf8 21. Nf3 c5 22. fxe5 fxe5 23. Ng5 Rxf2 24. Qxf2 Be6 25.
Qg3 Bg8 26. Nf3 Re8 27. Nh2 h5 28.
h4 b5 29. Nf3 c4 30. Ng5 a5 31. Kh2 a4 32. bxc4 bxc4 33. Rb1 c3 34. Rb6 Rf8 35.
Nf3 Rf6 36. Rb5 Bxa2 37. Ra5 Bb3 38. Nxe5 Bxc2 39. Nc6 Rxc6 40. Ra8 Bb3 41. e5 Bd5 42. Qf4 c2 43. Qc1 Qxe5+ 44. Kh1 Qe3 45. Ra7+ Kh6 46.
Qa3 c1=Q+ 47. Kh2 Qcg1# 0-1

[Event "*** Titled Tuesday Blitz"]
[Site "Chess.com"]
[Date "2019.01.01"]
[Round "4"]
[White "Jospem"]
[Black "walkingcreep"]
[Result "1-0"]
[WhiteElo "2791"]
[BlackElo "2597"]
[TimeControl "180+2"]
[EndTime "13:56:13 PST"]
[Termination "Jospem won by resignation"]

1. c4 Nf6 2. Nf3 g6 3. g3 Bg7 4.
Bg2 O-O 5. O-O d6 6. Nc3 e5 7. d4 Nbd7 8. e4 exd4 9. Nxd4 Re8 10. Re1 a6 11. h3 Rb8 12. b3 Ne5 13. Be3 c5 14. Nde2 b5 15. cxb5 axb5 16. Nf4 Bb7 17. Kh2 b4 18. Ncd5 Nxd5 19. Nxd5 Bxd5 20. Qxd5 Ra8 21.
f4 Nd7 22. Qxd6 Bxa1 23. Rxa1 Nf6 24. Qxd8 Raxd8 25. e5 Nd5 26. Bxc5 Rc8 27. Rc1 Nc3 28. Bxb4 Nxa2 29. Rxc8 Rxc8 30. Bd6 Rc2 31. g4 Rb2 32. f5 Nc3 33. e6 fxe6 34. fxe6 Re2 35. e7 Nd5 36.
e8=Q+ Rxe8 37. Bxd5+ Kg7 38. Bc4 Kf6 39. Bc5 Kg5 40.
Kg3 Re1 41. h4+ Kf6 42. Bf2 Rc1 43. Bd4+ Ke7 44. Kf4 h6 45. Bg7 h5 46. gxh5 gxh5 47.
Bd4 Rd1 48. Bf2 Kf6 49. Ke4 Rh1 50. b4 Rh2 51. Kf3 Rh3+ 52. Bg3 Rh1 53. b5 Rc1 54. Be2 Rc3+ 55. Kf2 Rb3 56. Bc7 Kf5 57. b6 Rb2 58. Ke3 Rb3+ 59. Kd2 Rb2+ 60. Kd3 Rb4 61. Kc3 Rxh4 62.
b7 1-0

[Event "*** Titled Tuesday Blitz"]
[Site "Chess.com"]
[Date "2019.01.01"]
[Round "4"]
[White "BrianWall"]
[Black "julinha97"]
[Result "1-0"]
[WhiteElo "2138"]
[BlackElo "2110"]
[TimeControl "180+2"]
[EndTime "13:56:14 PST"]
[Termination "BrianWall won by resignation"]

1. e4 c5 2. Nf3 d6 3. d4 cxd4 4. Nxd4 Nf6 5. Nc3 g6 6. Be2 Bg7 7. O-O Nc6 8. Nb3 O-O 9. Re1 Be6 10. Bf1 d5 11. e5 Ne4 12. Nxe4 dxe4 13. Bf4 Nxe5 14.
Rxe4 Nc6 15. c3 Bf5 16. Re3 e5 17. Bg3 Qb6 18. Qd5 Rad8 19. Qc5 Qxc5 20. Nxc5 b6 21. Ne4 Bxe4 22. Rxe4 f5 23. Rc4 Na5 24. Rc7 Rf7 25. Rxf7 Kxf7 26. b4 Nc6 27. f4 e4 28. Bb5 Bxc3 29.
Rc1 Bd4+ 30. Bf2 Bxf2+ 31. Kxf2 Nxb4 32. Rc7+ Ke6 33. Rxa7 Rd2+ 34. Kg3 e3 35. Kf3 Nd5 36. Bc4 Rf2+ 37. Kg3 Rc2 38. Bb3 e2 39. Kf2 Rb2 40. Ra8 Rxb3 41. axb3 Nxf4 42. g3 Nd3+ 43. Kxe2 Nc1+ 44.
Ke3 Nxb3 45. Rb8 Nc5 46. Rxb6+ Kd5 47. Rb8 h6 48. Rg8 g5 49. Rg6 Ne4 50. Rxh6 Ke5 51. Rh8 Nf6 52. Kf3 f4 53. g4 Ke6 54. Ra8 Kf7 55.
Ra6 Nd5 56. Rd6 Nf6 57. Rb6 Kg6 58. h3 Kg7 59. Rb5 Kg6 60. Rf5 Nd7 61. Ke4 Nf6+ 62. Ke5 Nd7+ 63. Ke6 Nb6 64. Rf6+ Kg7 65. Kf5 Nd5 66.
Rg6+ Kf7 67. Rxg5 f3 68. Ke4 Nf6+ 69. Kxf3 1-0

[Event "*** Titled Tuesday Blitz"]
[Site "Chess.com"]
[Date "2019.01.01"]
[Round "4"]
[White "kjzsdu"]
[Black "Generalas"]
[Result "1-0"]
[WhiteElo "2533"]
[BlackElo "2267"]
[TimeControl "180+2"]
[EndTime "13:56:14 PST"]
[Termination "kjzsdu won by resignation"]

1. e4 e5 2. Nf3 Nc6 3. Bb5 a6 4. Ba4 Nf6 5. O-O Be7 6. Re1 b5 7. Bb3 O-O 8. h3 d5 9. exd5 Nxd5 10. Nxe5 Nxe5 11. Rxe5 Bb7 12. d3 Bf6 13. Re2 Qd6 14. Qe1 Nf4 15. Bxf4 Qxf4 16. Nc3 Bd4 17. Rb1 Rad8 18.
Nd1 Qg5 19. Ne3 Rfe8 20. Qf1 Bf3 21. Ree1 Bxe3 22. fxe3 Rxe3 23. Qf2 Rxe1+ 24. Rxe1 Bd5 25. h4 Qh5 26. Qf4 c6 27. Bxd5 Qxd5 28. Qe4 g6 29.
Qxd5 Rxd5 30. Re8+ Kg7 31. Rc8 Rc5 32. c3 a5 33. Kf2 b4 34. c4 Kf6 35. Ke3 Ke7 36.
Kd4 Rh5 37. Rxc6 Rxh4+ 38. Kc5 Rg4 39. d4 Rxg2 40. d5 Rg5 41. Rc7+ Ke8 42. Kc6 Rg4 43. c5 Rd4 44. d6 f5 45. Rc8+ Kf7 46.
d7 f4 47. d8=Q Rxd8 48. Rxd8 g5 49. Kb7 f3 50. c6 f2 51. Rd1 g4 52. c7 g3 53. c8=Q 1-0

[Event "*** Titled Tuesday Blitz"]
[Site "Chess.com"]
[Date "2019.01.01"]
[Round "4"]
[White "TST2014"]
[Black "Fluffey"]
[Result "1-0"]
[WhiteElo "2480"]
[BlackElo "2455"]
[TimeControl "180+2"]
[EndTime "13:56:15 PST"]
[Termination "TST2014 won on time"]

1. d4 Nf6 2. c4 e6 3. Nf3 c5 4. d5 b5 5. Bg5 b4 6. Nbd2 d6 7.
e4 e5 8. a3 Be7 9. axb4 cxb4 10. Qa4+ Nbd7 11. c5 Nxd5 12. Bxe7 Nxe7 13. cxd6 Ng6 14.
Qc6 Rb8 15. Rxa7 O-O 16. Nc4 Nf6 17. Qc7 Be6 18. Nfxe5 Nxe5 19. Nxe5 Rc8 20. Qxd8 Rfxd8 21. Rc7 Rxd6 22. Rxc8+ Bxc8 23. Bc4 Be6 24. f3 Nd7 25. Nxd7 Bxc4 26. Ne5 Bb5 27. b3 f6 28. Nc4 Bxc4 29. bxc4 Rd4 30. c5 Rc4 31. Kd2 Rxc5 32. Rb1 Rb5 33.
Kd3 Kf7 34. Kc4 Ra5 35. Rb2 Kg6 36. Kxb4 Ra1 37. Kc4 Rd1 38. Kc3 Kg5 39. Rd2 Rh1 40.
g3 h5 41. Kd3 h4 42. Ke3 h3 43.
f4+ Kg4 44. Rf2 Rg1 45. e5 fxe5 46. fxe5 Re1+ 47. Kd4 Kg5 48. Kd5 Kg6 49. e6 Kg5 50. Kd6 Kg6 51. e7 Rd1+ 52. Ke6 Re1+ 53. Kd7 Rd1+ 54. Ke8 Kh7 55. Kf8 1-0

[Event "*** Titled Tuesday Blitz"]
[Site "Chess.com"]
[Date "2019.01.01"]
[Round "4"]
[White "vugarrasulov"]
[Black "TigranLPetrosyan"]
[Result "0-1"]
[WhiteElo "2797"]
[BlackElo "2830"]
[TimeControl "180+2"]
[EndTime "13:56:16 PST"]
[Termination "TigranLPetrosyan won by resignation"]

1. e4 g6 2. d4 Bg7 3. Nc3 a6 4.
g3 b5 5. Bg2 Bb7 6. Nge2 d6 7.
O-O Nd7 8. a4 b4 9. Nd5 c5 10.
c3 bxc3 11. bxc3 cxd4 12. cxd4 Bxd5 13. exd5 Ngf6 14. a5 O-O 15. Be3 Rb8 16. Nc3 Qc7 17.
Qd2 Ng4 18. Bg5 Rb4 19. Ne2 Rfb8 20. Rfc1 Qd8 21. h3 Ngf6 22. Rc6 Rb2 23. Rc2 Rxc2 24. Qxc2 Rb5 25. Bd2 Nxd5 26. Qc6 Nb8 27. Qc4 e6 28. Bf1 Rb2 29. Be1 h5 30. Rc1 Kh7 31. h4 Bf6 32. Bg2 Ne7 33. Nf4 d5 34. Qc3 Rb7 35. Qf3 Nf5 36. Bc3 Rc7 37. Rb1 Nc6 38. Nxh5 gxh5 39. Qxh5+ Kg8 40. Qg4+ Bg7 41. h5 Qf6 42. Rb6 Ncxd4 43.
Bd2 Rc4 44. Bg5 Ne2+ 45. Qxe2 Qxg5 46. Rxa6 Rc1+ 47. Kh2 Bf6 48. Bh3 Kg7 49. Rb6 Ra1 50. a6 Nd4 51. Qd3 Qc1 52. Bg2 Qg1+ 53. Kh3 Qxf2 54. Rb7 Qf5+ 55. Qxf5 Nxf5 56. a7 Bd4 0-1

[Event "*** Titled Tuesday Blitz"]
[Site "Chess.com"]
[Date "2019.01.01"]
[Round "4"]
[White "Diwi89"]
[Black "GMWSO"]
[Result "1/2-1/2"]
[WhiteElo "2798"]
[BlackElo "2985"]
[TimeControl "180+2"]
[EndTime "13:56:19 PST"]
[Termination "Game drawn by repetition"]

1. e4 e5 2. Nc3 Nf6 3. f4 d5 4. fxe5 Nxe4 5. Qf3 Nxc3 6. dxc3 Qh4+ 7. g3 Qe4+ 8. Qxe4 dxe4 9. Bg2 Nc6 10. Bf4 Bf5 11.
O-O-O h6 12. Re1 g5 13. Bd2 O-O-O 14. Bxe4 Be6 15. Nf3 g4 16. Bxc6 bxc6 17. Nd4 Bd5 18. Rhf1 c5 19. Nf5 Be6 20. b3 Kb7 21. c4 Kc6 22.
Bc3 h5 23. Bd2 Rg8 24. Nh4 Be7 25. Ng2 Rd4 26. Nf4 Bg5 27. Be3 Bxf4 28. gxf4 Re4 29. f5 Bc8 30. e6 fxe6 31. f6 Rf8 32. f7 Re5 33. Bd2 Rxe1+ 34. Bxe1 e5 35. Rf6+ Kd7 36. Bh4 Ke7 37. Rf5+ Ke6 38. Rf6+ Ke7 39. Rf5+ Ke6 40.
Rxh5 Rxf7 41. Bg3 Rf5 42. Rxf5 Kxf5 43. Bf2 a6 44. Bxc5 Kf4 45. Bf2 c6 46. Bg3+ Ke4 47. Kd2 Bf5 48. c3 Be6 49. a4 Bf7 50. a5 Be6 51. Kc2 Kf5 52. Kd3 Bf7 53. Ke3 Be6 54. Kd3 Bf7 55. c5 Bxb3 56. Ke3 Bc4 57. Bh4 Ke6 58. Bd8 Kd5 59. Bb6 Bb3 60. Ba7 Bc2 61.
Bb6 Bd1 62. Ba7 Bc2 63. Bb6 Kc4 64. Kd2 Bg6 65. Ba7 Kd5 66. Ke3 Bf7 67. Bb6 Be6 68.
Ba7 Bf5 69. Bb6 Kc4 70. Kd2 Kb5 71. Ke3 Bg6 72. Kd2 Kc4 73. Ba7 Bf7 74. Bb6 Be6 75.
Ba7 Bd5 76. Bb6 Kb3 77. Ba7 Ka4 78. Bb6 Bc4 79. Ke3 Bd5 80. Kd2 Bf3 81. Ke3 Bd1 82. Ke4 Kb3 83. Kxe5 Kxc3 84. Kf4 Kb4 85. Kg3 Kc4 86.
Kf4 Kb4 87. Kg3 Kc4 88. Kf4 Kb4 89. Kg3 Kc4 90. Kf4 1/2-1/2

[Event "*** Titled Tuesday Blitz"]
[Site "Chess.com"]
[Date "2019.01.01"]
[Round "4"]
[White "Sordis"]
[Black "c63_amg"]
[Result "0-1"]
[WhiteElo "2406"]
[BlackElo "2681"]
[TimeControl "180+2"]
[EndTime "13:56:22 PST"]
[Termination "c63_amg won by resignation"]

1. c4 Nf6 2. g3 e6 3. Bg2 d5 4.
Nf3 Be7 5. O-O O-O 6. b3 c5 7. cxd5 Nxd5 8. d4 Nc6 9. Bb2 Bf6 10. e4 Ndb4 11. a3 Na6 12. e5 Be7 13. Nbd2 Bd7 14. Nc4 Rc8 15. Nd6 Bxd6 16. exd6 Qf6 17. Ne5 Rfd8 18.
Nxd7 Rxd7 19. Rc1 Rxd6 20. Qe2 cxd4 21. Rfd1 e5 22. b4 Nab8 23. b5 Ne7 24. Rxc8+ Nxc8 25. Bxb7 Nb6 26. a4 Nxa4 27. Ba3 Nc3 28. Qc4 Nxd1 29. Bxd6 Qxd6 30. Qc8+ Qf8 31. Qg4 Nc3 32. Qf3 Nxb5 33. Qd5 Nd6 34. Qxe5 Nxb7 35. Qxd4 h6 36. Qxa7 Nd6 37.
Qc7 Na6 38. Qb6 Nb8 39. h3 Nd7 40. Qd4 Qe7 41. h4 Ne5 42. Qf4 g5 43. hxg5 hxg5 44. Qa4 Nf3+ 45. Kg2 Qe4 46. Qxe4 Nxe4 47. Kxf3 Nf6 48.
Ke3 Kg7 49. Kf3 Kg6 50. Ke3 Kf5 51. Kf3 g4+ 52. Ke3 Ne4 53. Ke2 Ng5 54. Ke3 Ke5 55. Kd3 f5 56. Ke3 Ne4 57. Ke2 Nxg3+ 58. fxg3 Ke4 59.
Kf2 Kd3 60. Ke1 Ke3 61. Kf1 Kf3 62. Kg1 Kxg3 63. Kh1 f4 64. Kg1 f3 65. Kh1 Kf2 66. Kh2 g3+ 67. Kh3 g2 0-1

[Event "*** Titled Tuesday Blitz"]
[Site "Chess.com"]
[Date "2019.01.01"]
[Round "4"]
[White "ehrenfeld"]
[Black "DrMelekess"]
[Result "1/2-1/2"]
[WhiteElo "2431"]
[BlackElo "2579"]
[TimeControl "180+2"]
[EndTime "13:56:24 PST"]
[Termination "Game drawn - insufficient material"]

1. e4 e6 2. d3 d5 3. Qe2 Nf6 4. Nf3 c5 5. g3 Be7 6. Bg2 O-O 7. e5 Nfd7 8. c4 Nc6 9. O-O dxc4 10. dxc4 b6 11.
Nc3 Bb7 12. Bf4 a6 13. Rad1 Qc7 14. Nd5 exd5 15. cxd5 Ncxe5 16. Nxe5 Nxe5 17. Bxe5 Bd6 18. Bc3 Rae8 19. Qg4 f5 20. Qg5 Qe7 21. Qd2 Qf7 22.
f4 Re7 23. Rfe1 Rfe8 24. a4 b5 25. axb5 axb5 26. Rxe7 Qxe7 27. Qd3 c4 28. Qxf5 Qe3+ 29. Kh1 b4 30. Be5 Qe2 31. Ra1 Bxe5 32. fxe5 Qxe5 33. Qxe5 Rxe5 34. Rd1 Kf8 35. d6 Bxg2+ 36. Kxg2 Ke8 37. Kf3 Kd7 38. Rd4 Rc5 39. Ke4 c3 40. bxc3 bxc3 41. Rd1 c2 42. Rc1 Kxd6 43. Kd3 Kd5 44. Rxc2 Rxc2 45.
Kxc2 Ke4 46. Kd2 Kf3 47. Ke1 Kg2 48. Ke2 h5 49. Ke3 Kxh2 50. Kf4 Kh3 51. Kg5 Kxg3 52. Kxh5 Kf4 53. Kg6 Ke5 54. Kxg7 1/2-1/2

[Event "*** Titled Tuesday Blitz"]
[Site "Chess.com"]
[Date "2019.01.01"]
[Round "4"]
[White "Zq1"]
[Black "Doraemon7"]
[Result "1-0"]
[WhiteElo "2464"]
[BlackElo "2503"]
[TimeControl "180+2"]
[EndTime "13:56:27 PST"]
[Termination "Zq1 won by resignation"]

1. d4 d5 2. c4 c6 3. cxd5 cxd5 4. Bg5 Nc6 5. Nc3 Nf6 6. Bxf6 gxf6 7. g3 e6 8. e3 Qb6 9. Rb1 Bd7 10. Nge2 Rc8 11. a3 Na5 12. Nf4 Nc4 13. Bxc4 Rxc4 14. O-O Bd6 15. Qf3 f5 16. Rfc1 O-O 17. Rc2 Rfc8 18. Rbc1 Qd8 19. Nd3 b5 20. b3 R4c7 21. b4 a5 22. Nc5 Bc6 23. Ne2 Bd7 24. Nf4 Ra8 25. Nfd3 Be8 26. Ne5 axb4 27. axb4 Ra3 28. Qe2 Qe7 29. Ra2 Rca7 30. Rca1 Rxa2 31. Rxa2 f6 32.
Ned3 Bf7 33. Qb2 e5 34. Rxa7 Qxa7 35. dxe5 fxe5 36. Nxe5 Bxc5 37. bxc5 Qxc5 38. Nd7 Qc4 39. Nf6+ Kf8 40. Nxh7+ Ke8 41. Qe5+ Kd8 42. Qf6+ Ke8 43. Ng5 d4 44. Qe5+ Kd7 45. Qxd4+ Qxd4 46. exd4 b4 47.
Nf3 b3 48. Nd2 b2 49. f3 Ba2 50. Kf2 b1=Q 51. Nxb1 Bxb1 52. Ke3 Ke6 53. Kf4 Bd3 54.
Kg5 Be2 55. f4 Kd5 56. Kxf5 Kxd4 57. g4 Kd5 58. g5 Kd6 59. Kf6 Kd7 60. g6 Ke8 61.
Kg7 Bd3 62. h4 Be2 63. f5 Bh5 64. f6 1-0

[Event "*** Titled Tuesday Blitz"]
[Site "Chess.com"]
[Date "2019.01.01"]
[Round "4"]
[White "Indianlad"]
[Black "Dr-Bassem"]
[Result "1-0"]
[WhiteElo "2835"]
[BlackElo "2714"]
[TimeControl "180+2"]
[EndTime "13:56:28 PST"]
[Termination "Indianlad won on time"]

1. e4 e5 2. Nf3 Nc6 3. Nc3 Nf6 4. Bb5 Bb4 5. O-O O-O 6. Nd5 Nxd5 7. exd5 e4 8. dxc6 dxc6 9. Be2 exf3 10. Bxf3 Re8 11. c3 Bd6 12. d4 Bf5 13. Re1 Bc2 14.
Qd2 Bf4 15. Rxe8+ Qxe8 16. Qe2 Qxe2 17. Bxe2 Re8 18. Bxf4 Rxe2 19. Bxc7 Bd3 20. b3 f6 21. h3 g5 22. c4 Be4 23. f3 Bf5 24. d5 Kf7 25. d6 h5 26. c5 Be6 27. b4 Ke8 28. a3 Kd7 29. Rd1 Re3 30. h4 Rxa3 31. hxg5 fxg5 32.
Re1 Rd3 33. Kf2 Rd4 34. Re5 Rd5 35. Rxd5 Bxd5 36. Bb8 a6 37. Ba7 Be6 38. Bb6 Bf5 39. Ba5 Kc8 40. Ke3 Kd7 41. g3 h4 42. g4 Be6 43. Kf2 Bd5 44. b5 cxb5 45. Bd2 h3 46. Kg3 b4 47. Bxb4 h2 48. Kxh2 Bxf3 49. Kg3 Bc6 50. Bd2 Ke6 51. Bxg5 a5 52. Bd2 a4 53. Bb4 Ke5 54. Kh4 Kd5 55. g5 Kc4 56. Ba3 Kb3 57.
g6 Kxa3 58. g7 Kb4 59. g8=Q Kxc5 60. Kg5 Kxd6 61. Kf4 Kc5 62. Ke3 Kb4 63. Kd2 b5 64. Qe6 Kc5 65. Qe5+ Kc4 66. Qc3+ Kd5 67. Qb4 1-0

[Event "*** Titled Tuesday Blitz"]
[Site "Chess.com"]
[Date "2019.01.01"]
[Round "4"]
[White "johnathan113"]
[Black "KenanGarayev"]
[Result "0-1"]
[WhiteElo "2573"]
[BlackElo "2847"]
[TimeControl "180+2"]
[EndTime "13:56:31 PST"]
[Termination "KenanGarayev won by resignation"]

1. e4 c5 2. Nf3 Nf6 3. Nc3 d5 4. exd5 Nxd5 5. Bb5+ Bd7 6. Bxd7+ Qxd7 7. O-O Nc6 8. d3 Nxc3 9. bxc3 g6 10. Be3 Bg7 11.
Qd2 b6 12. Bh6 O-O 13. Rfe1 e6 14. h4 Qd5 15. Re4 Rad8 16. Bxg7 Kxg7 17. Qe3 h5 18. Ne5 Rfe8 19. c4 Qd6 20. Nxc6 Qxc6 21. Re5 f6 22. Re4 e5 23. Re1 Rd4 24. Qg3 Kf7 25. Kh2 Rxe4 26. Rxe4 a6 27. Qe3 Kg7 28. g3 b5 29. Qe2 Kf7 30.
Qe3 Qd6 31. f4 exf4 32. gxf4 Rxe4 33. Qxe4 Qd7 34. Kg3 Qg4+ 35. Kf2 Qxh4+ 36. Ke2 Qh2+ 37. Kd1 Qg1+ 38. Kd2 bxc4 39. Qxc4+ Kg7 40. Qxa6 h4 41.
Qb7+ Kh6 42. Qc8 Qf2+ 43. Kd1 Qf1+ 44. Kd2 Qxf4+ 45. Kd1 f5 46. a4 Qxa4 47. Qxc5 Qg4+ 48. Kc1 h3 49. Qe5 Qg1+ 50. Kb2 h2 51. Qf4+ g5 52. Qd6+ Kh5 53. Qf6 h1=Q 54. Qf7+ Kg4 55. Qc4+ Kh3 0-1

[Event "*** Titled Tuesday Blitz"]
[Site "Chess.com"]
[Date "2019.01.01"]
[Round "4"]
[White "CaptainCasanova"]
[Black "JozefKneht"]
[Result "1/2-1/2"]
[WhiteElo "2737"]
[BlackElo "2518"]
[TimeControl "180+2"]
[EndTime "13:56:32 PST"]
[Termination "Game drawn by repetition"]

1. e4 Nf6 2. e5 Nd5 3. Nf3 d6 4. d4 Bg4 5. Bc4 dxe5 6. dxe5 e6 7. O-O Nc6 8. Re1 Nb6 9. Bd3 Nb4 10. Be4 Qxd1 11.
Rxd1 Bxf3 12. gxf3 c6 13. a3 N4d5 14. b3 O-O-O 15.
c4 Ne7 16. Re1 Nf5 17. Nc3 Bc5 18. Bg5 Rd7 19. Rec1 h6 20. Bf4 Bd4 21. Bxf5 exf5 22. Bg3 h5 23. h4 Re8 24. f4 Red8 25. Rab1 Bxc3 26. Rxc3 Rd1+ 27. Rxd1 Rxd1+ 28. Kg2 Nd7 29. f3 Nf8 30. Bf2 b6 31. Kg3 Ne6 32. a4 c5 33.
Be3 Kc7 34. Kf2 a5 35. Rc2 Rh1 36. Kg3 Rb1 37. Rc3 Rb2 38. Rd3 g6 39. Bc1 Rb1 40. Be3 Rb2 41. Bc1 Re2 42. Be3 Nd8 43. Bf2 Ne6 44. Be3 Re1 45. Bf2 Rf1 46. Be3 Rb1 47.
Kf2 Rb2+ 48. Kg3 Nd8 49. Bc1 Rb1 50. Be3 Nc6 51. Kf2 Rb2+ 52. Kg3 Nb4 53. Rc3 Rc2 54.
Rxc2 Nxc2 55. Kf2 Na1 56. Ke2 Nxb3 57. Kd3 Kd7 58. Bf2 Nd4 59. Bxd4 cxd4 60. Kxd4 Kc6 61. Kd3 Kc7 62. Kc3 Kd7 63. Kd4 Kc6 64. Kd3 Kc7 65. Kd4 Kc6 66. Kd3 Kc7 67. Kd4 Kc6 68. Kd3 Kc7 69. Kd4 Kc6 1/2-1/2